AoeStats
← hightower_208

African Clearing

510380457Analyzed
2v2 RM · 11h ago on Sep 30, 2026· 34m 38s· 4 players
Game mode
Random Map
Map size
Medium (4 player)
Population
200
Speed
Normal
Resources
Standard
Victory
Conquest
Starting age
Dark Age
Ending age
Imperial Age
RankedLock teamsTeams togetherTeam positionsShared explorationLock speedFull tech treeHidden civsTurbo modeCheats
Victory
Defeat
🇩🇪 Chinese · Germany
1679
+9
🇩🇪 Varangians · Germany
1665
+10
🇦🇷 Vietnamese · Argentina
1543
-10
🇦🇷 Varangians · Argentina
1502
-9
hightower_208
2:53 Loom
12:07 Feudal Age
16:39 Castle Age
15:08 Double-Bit Axe
17:42 Fletching
18:21 Bodkin Arrow
22:43 Wheelbarrow
26:35 Ballistics
30:24 Hand Cart
31:37 Horse Collar
32:08 Bow Saw
33:23 Town Watch
37:17 Imperial Age
Mjoelnir
11:47 Feudal Age
15:18 Bloodlines
15:05 Loom
17:32 Forging
20:57 Castle Age
19:50 Scale Barding Armor
21:13 Light Cavalry
22:34 Chain Barding Armor
22:11 Double-Bit Axe
23:24 Husbandry
24:48 Horse Collar
Chucky Somisa
10:35 Loom
12:48 Feudal Age
17:14 Castle Age
15:53 Double-Bit Axe
19:59 Fletching
21:12 Padded Archer Armor
22:23 Bodkin Arrow
28:03 Leather Archer Armor
28:18 Ballistics
TVHG.Benjamin Smurfy
10:53 Loom
13:46 Feudal Age
17:37 Castle Age
16:04 Horse Collar
23:34 Elite Skirmisher
25:12 Fletching
26:41 Ballistics
29:31 Double-Bit Axe
Connection lost

Rejoining the realm…

Still unreachable

The connection could not be restored.

Session expired

The server has moved on; the page needs a fresh start.